 Dungeon Crawl Stone Soup version 0.30.0-11-gf55b779eaf (webtiles) character file.

Game seed: 15914343932067237930

6 croobank the Grave Robber (level 2, -1/19 HPs)
             Began as a Human Necromancer on May 17, 2023.
             Slain by a jackal (2 damage)
             ... on level 1 of the Dungeon.
             The game lasted 00:01:05 (49 turns).

croobank the Grave Robber (Human Necromancer)         Turns: 49, Time: 00:01:06

Health: -1/19      AC:  2    Str:  8    XL:     2   Next: 0%
Magic:  5/5        EV: 12    Int: 15    God:
Gold:   0          SH:  0    Dex: 13    Spells: 4/5 levels left

rFire   . . .        (no weapon)
rCold   . . .        (no shield)
rNeg    . . .        a - +0 robe
rPois   .            (no helmet)
rElec   .            (no cloak)
rCorr   .            (no gloves)
SInv    .            (no boots)
Will    .....        (no amulet)
Stlth   ++           (no ring)
HPRegen 0.23/turn    (no ring)
MPRegen 0.09/turn

%: no passive effects
@: no status effects
A: no striking features
a: no special abilities


You were on level 1 of the Dungeon.
You visited 1 branch of the dungeon, and saw 1 of its levels.

Inventory:

Armour
 a - a +0 robe (worn)


   Skills:
 + Level 2.1 Dodging
 + Level 2.1 Stealth
 + Level 2.1 Spellcasting
 + Level 4.0 Necromancy


You had 4 spell levels left.
You knew the following spells:

 Your Spells              Type           Power      Damage    Failure   Level
a - Necrotise             Necr           52%        1d6       4%          1

Your spell library contained the following spells:

 Spells                   Type           Power      Damage    Failure   Level
 Vampiric Draining        Necr           13%        2d6       12%         3
 Animate Dead             Necr           13%        N/A       38%         4
 Agony                    Necr           13%        N/A       75%         5


Dungeon Overview and Level Annotations

Branches:
Dungeon (1/15)

Altars:


Message History

The jackal bites your hobgoblin skeleton.
The quokka bites your hobgoblin skeleton.
The jackal bites your hobgoblin skeleton.
Your quokka skeleton closely misses the quokka.
Casting: Necrotise (safe; 4% risk of failure)
Confirm with . or Enter, or press ? or * to list all spells.
Aiming: Necrotise (safe; 4% risk of failure)
Press: ? - help, Shift-Dir - straight line, f - jackal
Aim: a jackal (ally target, chance to affect: 83%)
The jackal writhes in agony.
The quokka bites your hobgoblin skeleton.
The jackal completely misses your hobgoblin skeleton.
Your hobgoblin skeleton hits the quokka.
Your quokka skeleton misses the quokka.
The jackal attacks as you move away!
The jackal bites you but does no damage.
The jackal bites your quokka skeleton.
Your hobgoblin skeleton hits the quokka.
The jackal bites you. x2
* * * LOW HITPOINT WARNING * * *
The quokka misses you.
Casting: Necrotise (safe; 4% risk of failure)
Confirm with . or Enter, or press ? or * to list all spells.
You don't have enough magic to cast this spell.
You hit the quokka.
You kill the quokka!
The jackal bites you.
* * * LOW HITPOINT WARNING * * *
The jackal bites you but does no damage.
Your hobgoblin skeleton hits the jackal.
Okay, then.
Your quokka skeleton bites the jackal.
The jackal dies!
You have reached level 2!
The jackal attacks as you move away! The jackal bites you.
* * * LOW HITPOINT WARNING * * *
The jackal attacks as you move away! The jackal closely misses you.
The jackal completely misses you. x2; Your quokka skeleton bites the jackal.
Magic courses through your body. The jackal bites you.
You die...

#.# .... #.#
##.#..
#####.###.!...
#...........#
##..........#
##..........#
##......)...##
#.......Z...####
#.....@hZJ.....##.
#......h....##....
#.................
#..........##.....
#..........# .....
#.........## .....
#.........###.. ..
#............... r
#...............


You could see an endoplasm, 2 jackals, a friendly quokka skeleton and a friendly
hobgoblin skeleton.

Vanquished Creatures
  A hobgoblin (D:1)
  2 quokkas (D:1)
3 creatures vanquished.

Vanquished Creatures (collateral kills)
  A jackal (D:1)
  A goblin (D:1)
2 creatures vanquished.

Grand Total: 5 creatures vanquished

Notes
Turn   | Place    | Note
-------+----------+-------------------------------------------
     0 | D:1      | croobank the Human Necromancer began the quest for the Orb.
     0 | D:1      | Reached XP level 1. HP: 13/13 MP: 3/3
    48 | D:1      | Reached XP level 2. HP: 2/19 MP: 0/5
    49 | D:1      | Slain by a jackal

Illustrated notes

Levels and vault maps discovered:
D:1:      lightli_molten_gateway, layout_rooms,
          hellmonk_ecumenical_altar_prayer_group, hex_medium

Action                     || total
---------------------------++-------
  Melee: Unarmed           ||     1
   Cast: Necrotise         ||     4
    Use: Potion            ||     1
 Armour: Robe              ||     2
  Dodge: Dodged            ||    10
